 Dungeon Crawl Stone Soup version 0.30-a0-860-g512cf1e979 (webtiles) character file.

Game seed: 3861478483616967323

681 juan097 the Cutter (level 7, 0/45 HPs)
             Began as an Octopode Brigand on Mar 7, 2023.
             Splashed by a jelly's acid (9 damage)
             ... on level 5 of the Dungeon.
             The game lasted 00:09:55 (3611 turns).

juan097 the Cutter (Octopode Brigand)               Turns: 3611, Time: 00:09:58

Health: 0/45       AC: -3    Str: 11    XL:     7   Next: 61%
Magic:  7/7        EV: 14    Int: 13    God:
Gold:   153        SH:  0    Dex: 15    Spells: 6/6 levels left

rFire   . . .      SeeInvis .    a - +2 dagger
rCold   . . .      Faith    .    (no shield)
rNeg    . . .      Spirit   .    (helmet restricted)
rPois   .          Reflect  .    (no amulet)
rElec   .          Rampage  .    (no ring)
rCorr   .                        (no ring)
Will    .....                    (no ring)
Stlth   ++++                     (no ring)
HPRegen 0.27/turn                (no ring)
MPRegen 0.10/turn                (no ring)
                                 (no ring)
                                 (no ring)

@: corroded
A: almost no armour, amphibious, 8 rings, camouflage 1, gelatinous body 1,
(nimble swimmer 1), tentacles
a: no special abilities


You were on level 5 of the Dungeon.
You visited 1 branch of the dungeon, and saw 5 of its levels.
You also visited: Sewer.

You collected 243 gold pieces.
You spent 90 gold pieces at shops.

Inventory:

Hand Weapons
 a - a +2 dagger (weapon)
 b - a +2 sling of draining
 u - a +0 scimitar
Missiles
 c - 3 curare-tipped darts
 y - a throwing net
 z - 23 poisoned darts (quivered)
Jewellery
 t - an amulet of faith
Scrolls
 f - 2 scrolls of acquirement {unknown}
 g - 2 scrolls of teleportation {unknown}
 i - 2 scrolls of identify {unknown}
 l - 2 scrolls of fear {unknown}
 n - 2 scrolls of poison {unknown}
 o - 3 scrolls of blinking
 q - a scroll of magic mapping {unknown}
 r - 2 scrolls of enchant armour {unknown}
 w - a scroll of immolation {unknown}
Potions
 d - 2 potions of degeneration {unknown}
 e - a potion of berserk rage {unknown}
 h - a potion of attraction {unknown}
 j - 2 potions of curing
 k - a potion of magic {unknown}
 m - 2 potions of lignification {unknown}
 p - a potion of cancellation {unknown}
 s - a potion of invisibility {unknown}
 v - a potion of mutation {unknown}
 x - a potion of haste {unknown}


   Skills:
 + Level 2.7 Fighting
 + Level 6.2 Short Blades
 * Level 2.1 Ranged Weapons
 + Level 2.6 Throwing
 + Level 3.5 Dodging
 + Level 5.9 Stealth


You had 6 spell levels left.
You didn't know any spells.
Your spell library was empty.

Dungeon Overview and Level Annotations

Branches:
Dungeon (5/15)              Sewer (visited)
 Temple: D:4-7

Altars:
Makhleb

Shops:
D:1 (   D:3 (


Innate Abilities, Weirdness & Mutations

You cannot wear most types of armour.
You are amphibious.
You can wear up to eight rings at the same time.
Your skin changes colour to match your surroundings (Stealth+).
Your rubbery body absorbs attacks. (AC +1, EV +1)
((You are camouflaged when in or above water. (Stealth+)))
You have tentacles for arms and can constrict up to eight enemies at once.


Message History

You constrict the water moccasin, but do no damage.
You feel very sick. The water moccasin bites you!
It was a potion of curing.
You feel better.
You constrict the water moccasin. The water moccasin closely misses you.
You hit the water moccasin. You squeeze the water moccasin.
The water moccasin is severely wounded.
You constrict the water moccasin, but do no damage.
The water moccasin bites you!
You are poisoned.
The water moccasin poisons you!
You hit the water moccasin but do no damage.
The water moccasin is severely wounded.
You constrict the water moccasin.
You feel very sick. The water moccasin barely misses you.
You hit the water moccasin.
The water moccasin is almost dead.
You constrict the water moccasin.
You feel sick. The water moccasin closely misses you.
You hit the water moccasin.
The water moccasin is almost dead.
You constrict the water moccasin.
You kill the water moccasin!
You feel sick.
Your Ranged Weapons skill increases to level 2!
You feel better. The jelly closely misses you.
You hit the jelly.
Your tentacles burn!
The jelly is severely wounded.
The jelly hits you. The acid corrodes you!
You are splashed with acid.
You hit the jelly.
Your tentacles burn!
The jelly is severely wounded.
You hit the jelly but do no damage.
Your tentacles burn!
* * * LOW HITPOINT WARNING * * *
Your squeeze misses the jelly.
The jelly is severely wounded.
The jelly hits you.
* * * LOW HITPOINT WARNING * * *
You are splashed with acid!
You die...

##### ##########
....####........#
............###.#
....####.##.# #.#
...## #.##.###.##
#.## #.........#
#.# ####.####.#
#.# #.# #@# #'##
#.# #J# ...## #.#
....## >$#
.....## .###
......####. #S
........... .
......#### .#
.....## .#


You could see a jelly (very drained).

Vanquished Creatures
  A water moccasin (D:5)
  A bullfrog (Sewer)
  2 scorpions
  A hound (D:4)
  A jelly (D:5)
  A sleepcap (D:4)
  2 iguanas
  An orc wizard (D:5)
  3 gnolls
  8 adders
  An ufetubus (D:4)
  3 dart slugs
  A worm (D:2)
  3 orcs
  15 endoplasms
  15 giant cockroaches
  3 goblins (D:4)
  8 hobgoblins
  3 jackals (D:1)
  8 quokkas
  8 ball pythons (Sewer)
  5 bats
  14 frilled lizards
  3 kobolds
  9 rats
120 creatures vanquished.

Notes
Turn   | Place    | Note
-------+----------+-------------------------------------------
     0 | D:1      | juan097 the Octopode Brigand began the quest for the Orb.
     0 | D:1      | Reached XP level 1. HP: 14/14 MP: 1/1
   160 | D:1      | Reached XP level 2. HP: 18/19 MP: 2/2
   176 | D:1      | Found Ypych's Antique Weapon Emporium.
   445 | D:1      | Reached XP level 3. HP: 19/24 MP: 3/3
  1165 | D:2      | Reached skill level 3 in Short Blades
  1457 | D:3      | Reached XP level 4. HP: 29/29 MP: 4/4
  1743 | D:3      | Found Vuuhuom's Antique Weapon Emporium.
  1875 | D:4      | Reached skill level 4 in Short Blades
  1963 | D:4      | Reached XP level 5. HP: 29/34 MP: 5/5
  1963 | D:4      | Found a glowing drain.
  2045 | Sewer    | Entered a sewer
  2439 | Sewer    | Reached skill level 5 in Short Blades
  2439 | Sewer    | Reached XP level 6. HP: 25/39 MP: 6/6
  2699 | D:4      | Reached skill level 6 in Short Blades
  2769 | D:4      | Found a burning altar of Makhleb.
  2806 | D:3      | Bought a glowing sling for 90 gold pieces
  3269 | D:5      | Entered Level 5 of the Dungeon
  3278 | D:5      | Reached skill level 1 in Ranged Weapons
  3278 | D:5      | Reached XP level 7. HP: 45/45 MP: 7/7
  3611 | D:5      | Splashed by a jelly's acid

Illustrated notes

Levels and vault maps discovered:
D:1:      scummos_arrival_simple_fountains, layout_basic, serial_shops,
          nicolae_shop_crystal, lemuel_flame_loot_1
D:2:      layout_rooms, hangedman_decor_slide_cut
D:3:      layout_basic, serial_shops, shop, kennysheep_donut
D:4:      layout_rooms, mainiacjoe_overflow_catwalk, portal_sewer_entry_d
D:5:      layout_loops_corners, lemuel_crystal_altar, temple_statues,
          minivault_19

Skill      XL: |  1  2  3  4  5  6  7 |
---------------+----------------------+-----
Dodging        | 2 3 |  3.5
Short Blades   | 3 4 5 6 |  6.2
Ranged Weapons | 1 2 |  2.1
Fighting       | |  2.7
Throwing       | |  2.6
Stealth        | |  5.9

Action                     |  1- 3 |  4- 6 |  7- 9 || total
---------------------------+-------+-------+-------++-------
  Melee: Dagger            |    76 |   137 |    26 ||   239
         Constrict         |    20 |    28 |     3 ||    51
         Tentacles         |    10 |    26 |    10 ||    46
         Punch             |       |     3 |     1 ||     4
   Fire: Sling             |       |    14 |     7 ||    21
  Throw: Dart              |     3 |     2 |       ||     5
    Use: Potion            |       |       |     2 ||     2
   Stab: Sleeping          |    17 |    27 |     1 ||    45
 Armour: Skin              |     8 |     4 |       ||    12
  Dodge: Dodged            |    46 |    38 |    14 ||    98

Table legend: (Time is in decaauts)
 A = Elapsed time spent in this place.
 B = Non-inter-level travel time spent in this place.
 C = Inter-level travel time spent in this place.
 D = Time resting spent in this place.
 E = Time spent auto-exploring this place.
 F = Levels seen in this place.
 G = Mean time per level.
                   A        B        C        D        E       F      G
               +--------+--------+--------+--------+--------+-----+--------+
         Total |   3561 |   3399 |    162 |    104 |   2265 |   6 |  593.5 |
       Dungeon |   3119 |   2957 |    162 |    104 |   2090 |   5 |  623.8 |
         Sewer |    442 |    442 |      0 |      0 |    175 |   1 |  442.0 |
               +--------+--------+--------+--------+--------+-----+--------+

Top non-repeatable levels by time:
     D:1: 858 daAuts
     D:4: 830 daAuts
     D:3: 607 daAuts
     D:2: 492 daAuts
   Sewer: 442 daAuts
     D:5: 330 daAuts
